 Dungeon Crawl Stone Soup version 0.25.0-9-g26727b657a (webtiles) character file.

Game seed: 6643079118764351334

20 mopl the Firebug (level 2, 0/22 HPs)
             Began as a Naga Fire Elementalist on June 18, 2020.
             Slain by an adder (1 damage)
             ... on level 2 of the Dungeon.
             The game lasted 00:01:48 (1234 turns).

mopl the Firebug (Naga Fire Elementalist)           Turns: 1234, Time: 00:01:48

Health: 0/22       AC:  1    Str:  7 (10) XL:     2   Next: 79%
Magic:  1/5        EV:  9    Int: 13 (15) God:
Gold:   49         SH:  0    Dex:  8 (11) Spells: 4/5 levels left

rFire    . . .     SeeInvis +   f - +0 spear
rCold    . . .     Gourm    .   (no shield)
rNeg     . . .     Faith    .   a - +0 robe
rPois    +         Spirit   .   (no helmet)
rElec    .         Reflect  .   (no cloak)
rCorr    .         Harm     .   (no gloves)
MR       .....                  (no barding)
Stlth    ++........             (no amulet)
HPRegen  0.07/turn              (no ring)
MPRegen  0.09/turn              (no ring)

@: lethally poisoned (0 -> -4), very slow
A: large, see invisible, deformed body, poison resistance, slowness 2, slow
metabolism 1, spit poison 1, AC +0
a: Spit Poison


You were on level 2 of the Dungeon.
You were hungry.

You visited 1 branch of the dungeon, and saw 2 of its levels.

You collected 49 gold pieces.

Inventory:

Hand Weapons
 f - a +0 spear (weapon)
Armour
 a - a +0 robe (worn)
Scrolls
 b - a scroll of amnesia {unknown}
 e - a scroll of identify {unknown}
Potions
 g - a potion of might {unknown}
Comestibles
 c - 7 rations


   Skills:
 - Level 1.5 Dodging
 - Level 3.0 Stealth
 + Level 2.3 Spellcasting
 + Level 1.6 Conjurations
 + Level 3.3 Fire Magic


You had 4 spell levels left.
You knew the following spells:

 Your Spells              Type           Power        Failure   Level  Hunger
a - Foxfire               Conj/Fire      #...         9%          1    #......

Your spell library contained the following spells:

 Spells                   Type           Power        Failure   Level  Hunger
 Conjure Flame            Conj/Fire      #.......     26%         3    ###....
 Inner Flame              Hex/Fire       #.......     36%         3    ###....
 Sticky Flame             Conj/Fire      #.......     65%         4    #####..
 Fireball                 Conj/Fire      #.........   94%         5    ######.


Dungeon Overview and Level Annotations

Branches:
Dungeon (2/15)

Altars:


Innate Abilities, Weirdness & Mutations

You cannot wear boots.
Your serpentine skin is tough. (AC +0)
You have supernaturally acute eyesight. (SInv)
Armour fits poorly on your strangely shaped body.
Your system is resistant to poisons. (rPois)
You cover ground very slowly.
You have a slow metabolism.
You can spit poison.


Message History

The foxfire hits the adder.
The adder is almost dead.
The adder bites you.
You are poisoned.
The adder poisons you!
Casting: Foxfire (safe; 8% risk of failure)
Confirm with . or Enter, or press ? or * to list all spells.
You don't have enough magic to cast that spell.
You feel sick. The adder bites you. The adder bites you. The ooze hits you.
* * * LOW HITPOINT WARNING * * *
* * * LOW HITPOINT WARNING * * *
You feel sick. The adder bites you.
* * * LOW HITPOINT WARNING * * *
It was a potion of degeneration.
There was something very wrong with that liquid.
You feel weakened.
You feel dopey.
You feel clumsy. The adder bites you.
You die...

#. ###.......#
#.#####.......#
#............###
#................
#............#####
#(........[.......
########.....###
.########....J######
.............S@....#
.......).....#####.#
.............#
?...$........#
.............#
....[........#
..........%....
............##..
.........$... ..


You could see an ooze and an adder.

Vanquished Creatures
  A leopard gecko (D:1)
  3 giant cockroaches (D:1)
  4 goblins
  4 hobgoblins (D:1)
  A ball python (D:2)
  3 bats
  A frilled lizard (D:1)
17 creatures vanquished.

Vanquished Creatures (others)
  42 foxfires
42 creatures vanquished.

Grand Total: 59 creatures vanquished

Notes
Turn   | Place    | Note
-------+----------+-------------------------------------------
     0 | D:1      | mopl the Naga Fire Elementalist began the quest for the
                  | Orb.
     0 | D:1      | Reached XP level 1. HP: 15/15 MP: 3/3
   334 | D:1      | Reached XP level 2. HP: 21/22 MP: 5/5
  1233 | D:2      | HP: 1/22 [adder (3)]
  1234 | D:2      | Slain by an adder

Illustrated notes

Levels and vault maps discovered:
D:1:      kennysheep_arrival_forest, layout_loops_corners
D:2:      layout_basic, nemelex_dance_club_becter

Action                   || total
-------------------------++-------
Melee: Unarmed           ||     3
       Spear             ||    10
 Cast: Foxfire           ||    28
 Abil: Spit Poison       ||     5
  Use: Potion            ||     1
 Stab: Sleeping          ||     1
Armor: Robe              ||     8
Dodge: Dodged            ||    23
